 Dungeon Crawl Stone Soup version 0.19-a0-981-gaae9137 (webtiles) character file.

139 mrath the Cudgeler (level 5, 0/69 HPs)
             Began as a Minotaur Fighter on July 14, 2016.
             Succumbed to an orc wizard's poison
             ... on level 3 of the Dungeon.
             The game lasted 00:10:27 (1758 turns).

mrath the Cudgeler (Minotaur Fighter)               Turns: 1758, Time: 00:10:28

Health: 0/69       AC: 22    Str: 22    XL:     5   Next: 1%
Magic:  4/4        EV:  2    Int:  5    God:
Gold:   193        SH: 10    Dex: 14    Spells: 0 memorised, 4 levels left

rFire  . . .     SeeInvis .     a - +0 flail
rCold  . . .     Gourm    .     (armour currently unavailable)
rNeg   + + +     Faith    .     c - +0 shield
rPois  +         Spirit   .     (helmet currently unavailable)
rElec  .         Dismiss  .     (cloak currently unavailable)
rCorr  .         Reflect  .     (gloves currently unavailable)
SustAt .         Harm     .     (boots currently unavailable)
MR     .....     NoTele   +     (no amulet)
Stlth  ++........               (no ring)
                                (no ring)

@: agile, lethally poisoned (0 -> -33), tree-form, very slightly contaminated,
invisible, not resistant to hostile enchantments, unstealthy
A: (retaliatory headbutt), (horns 0)
a: no special abilities


You were on level 3 of the Dungeon.
You were not hungry.
You were a tree.
You visited 1 branch of the dungeon, and saw 3 of its levels.

You collected 193 gold pieces.

Inventory:

Hand Weapons
 a - a +0 flail (weapon)
 i - a +0 hunting sling
 w - a +0 blowgun
Missiles
 o - 91 stones (quivered)
 r - 35 poisoned needles
 v - 21 sling bullets
Armour
 b - a +0 scale mail (melded)
 c - a +0 shield (worn)
 t - a +0 plate armour
Scrolls
 e - a scroll of remove curse {unknown}
 k - 2 scrolls of blinking {unknown}
 l - 2 scrolls of identify {unknown}
 m - a scroll of immolation {unknown}
 s - a scroll of teleportation {unknown}
Potions
 d - a potion of might
 q - a potion of curing {unknown}
Comestibles
 f - 4 bread rations
 p - 2 beef jerkies
 u - a meat ration


   Skills:
 + Level 4.0 Fighting
 + Level 5.3 Maces & Flails
 + Level 3.9 Armour
 + Level 0.9 Dodging
 + Level 4.1 Shields


You had 4 spell levels left.
You didn't know any spells.

Dungeon Overview and Level Annotations

Branches:
Dungeon (3/15)

Altars:


Innate Abilities, Weirdness & Mutations

((You reflexively headbutt those who attack you in melee.))
((You have a pair of horns on your head.))


Message History

You feel sick.
* * * LOW HITPOINT WARNING * * *
You feel very sick.
Things that are here:
a flail; a leather armour It was a potion of invisibility.
You fade into invisibility!
* * * LOW HITPOINT WARNING * * *
You feel sick. Something hits you but does no damage.
You are more poisoned.
You are very lightly contaminated with residual magic.
It was a potion of agility.
You feel agile all of a sudden.
* * * LOW HITPOINT WARNING * * *
You feel sick. Something hits you but does no damage.
You are more poisoned.
It was a potion of lignification.
You turn into a tree.
Your +0 scale mail melds into your body.
Your roots penetrate the ground.
You die...

#............).......<#
###.....###.############
........'.....#
#.......#####.##
#.........# #..#
..........# ##.##
.#####...## #..# ##.##
##.# #.# #♣# #.# #{# #.#
#.# #)# ..# ...# ##.##
##


There were no monsters in sight!

Vanquished Creatures
  An orc wizard (D:3)
  6 adders (D:2)
  2 worms (D:2)
  2 dart slugs (D:1)
  A giant gecko (D:2)
  An orc (D:3)
  3 ball pythons (D:2)
  2 bats (D:1)
  A goblin (D:2)
  8 hobgoblins
  A quokka (D:2)
  7 kobolds
  17 rats
52 creatures vanquished.

Notes
Turn   | Place    | Note
-------+----------+-------------------------------------------
     0 | D:1      | mrath the Minotaur Fighter began the quest for the Orb.
     0 | D:1      | Reached XP level 1. HP: 19/19 MP: 0/0
   179 | D:1      | Reached skill level 3 in Maces & Flails
   183 | D:1      | Reached XP level 2. HP: 26/26 MP: 1/1
   461 | D:1      | Reached skill level 4 in Maces & Flails
   670 | D:2      | Reached XP level 3. HP: 28/31 MP: 2/2
   875 | D:2      | Reached skill level 5 in Maces & Flails
  1122 | D:2      | Reached XP level 4. HP: 21/40 MP: 3/3
  1746 | D:3      | Reached XP level 5. HP: 30/46 MP: 4/4
  1757 | D:3      | HP: 2/46 [poisoned by an orc wizard]
  1758 | D:3      | Succumbed to an orc wizard's poison

Vault maps used:
D:1:      mrwooster_arrival_arrow, minmay_pentomino_u4
D:2:      first_bread, minmay_rat_gold_closets
D:3:      grunt_temple_overflow_cloverleaf

Skill      XL: |  1  2  3  4 |
---------------+-------------+-----
Maces & Flails | 3 4 5 |  5.3
Shields        | 4 |  4.1
Fighting       | 4 |  4.0
Armour         | |  3.9
Dodging        | |  0.9

Action                   |  1- 3 |  4- 6 || total
-------------------------+-------+-------++-------
Melee: Flail             |   117 |    40 ||   157
       Headbutt          |    14 |     8 ||    22
Throw: Stone             |     2 |       ||     2
  Use: Potion            |       |     3 ||     3
  Eat: Chunk             |     1 |     2 ||     3
Armor: Scale mail        |    33 |    12 ||    45
Dodge: Dodged            |    32 |     9 ||    41
Block: Shield            |    59 |    21 ||    80
